 Dungeon Crawl Stone Soup version 0.17.0-19-gb37c632 (console) character file.

8386 Kloppie the Fighter (level 11, -5/55 HPs)
             Began as a Vine Stalker Fighter on Nov 12, 2015.
             Was a Follower of the Shining One.
             Slain by Urug
             ... wielding a +2 battleaxe of electrocution
              (10 damage)
             ... on level 10 of the Dungeon.
             The game lasted 00:17:58 (7157 turns).

Kloppie the Fighter (Vine Stalker Fighter)          Turns: 7157, Time: 00:17:59

Health: -5/55      AC: 26    Str: 21    XL:     11   Next: 30%
Magic:  0/13       EV:  4    Int:  4    God:    the Shining One [*.....]
Gold:   568        SH:  9    Dex: 15    Spells: 0 memorised, 10 levels left

rFire  . . .     SeeInvis .     j - +1 mace (curse)
rCold  + . .     Rnd*Rage +     r - +7 plate armour "Ularab" {rCorr Int-4 Slay+2}
rNeg   . . .     SustAt   .     c - +0 shield
rPois  .         Gourm    .     H - +2 helmet
rElec  .         Spirit   +     (no cloak)
rCorr  +         Warding  .     w - +1 pair of gloves
rMut   .         Stasis   .     (no boots)
MR     +....                    (no amulet)
Stlth  ..........               n - ring of protection from cold
                                q - ring of stealth

@: glowing, somewhat resistant to hostile enchantments, extremely unstealthy
A: fangs 3, berserk 1, frail 1, high mp 1, regeneration 2, magic shield,
antimagic bite, no device heal 3, rot immunity
a: Renounce Religion


You were on level 10 of the Dungeon.
You worshipped the Shining One.
The Shining One was aware of your devotion.
You were not hungry.

You visited 2 branches of the dungeon, and saw 11 of its levels.

You collected 568 gold pieces.

Inventory:

Hand Weapons
 a - a +0 flail
 j - a cursed +1 mace (weapon)
 p - a +1 morningstar
 J - a +2 whip of electrocution
Armour
 c - a +0 shield (worn)
 r - the +7 plate armour "Ularab" (worn) {rCorr Int-4 Slay+2}
   (You found it on level 8 of the Dungeon)

   It affects your intelligence (-4).
   It affects your accuracy and damage with ranged weapons and melee attacks
   (+2).
   It protects you from acid and corrosion.
 w - a +1 pair of gloves (worn)
 H - a +2 helmet (worn)
Jewellery
 n - a ring of protection from cold (right hand)
 q - a ring of stealth (left hand)
 F - a +3 ring of dexterity
 G - an uncursed ring of stealth
Wands
 h - a wand of polymorph (16)
 l - a wand of confusion (45)
 m - a wand of frost (33)
 t - a wand of confusion (23)
Scrolls
 b - a scroll of amnesia
 o - 5 scrolls of teleportation
 s - a scroll of enchant armour
 v - a scroll of noise
 C - a scroll of summoning
 E - 3 scrolls of immolation
Potions
 d - 5 potions of might
 u - a potion of cancellation
 z - 6 potions of curing
 A - a potion of lignification
 D - 2 potions of poison {unknown}
 I - a potion of flight
 K - 4 potions of ambrosia
 L - a potion of invisibility
Books
 x - a book of the Earth

   Spells                             Type                      Level
   a - Leda's Liquefaction            Hexes/Earth                  4
   b - Bolt of Magma                  Conjuration/Fire/Earth       5
   c - Statue Form                    Transmutation/Earth          6
   d - Iron Shot                      Conjuration/Earth            6
   e - Shatter                        Earth                        9
 y - a book of the Tempests

   Spells                             Type                      Level
   a - Static Discharge               Conjuration/Air              3
   b - Lightning Bolt                 Conjuration/Air              5
   c - Fireball                       Conjuration/Fire             5
   d - Tornado                        Air                          9
   e - Shatter                        Earth                        9
Comestibles
 e - 7 bread rations
 f - 2 meat rations
 g - 8 slices of pizza
 i - 2 fruits
 k - 3 beef jerkies
 B - 4 royal jellies


   Skills:
 + Level 9.5 Fighting
 + Level 9.3 Maces & Flails
 + Level 8.9 Armour
 - Level 2.6 Shields


You had 10 spell levels left.
You didn't know any spells.

Dungeon Overview and Level Annotations

Branches:
Dungeon (10/15)            Temple (1/1) D:4
   Lair: D:8-11         Orc: D:9-12

Altars:
Ashenzari
Cheibriados
Dithmenos
Elyvilon
Fedhas
Gozag
Kikubaaqudgha
Makhleb
Nemelex Xobeh
Okawaru
Qazlal
Ru
Sif Muna
Trog
Vehumet
Xom
Yredelemnul
Zin
The Shining One
Beogh

Shops:
D:7 [   D:9 }

Annotations:
D:10 Urug


Innate Abilities, Weirdness & Mutations

You have razor-sharp teeth.
You heal very quickly.
When hurt, damage is shared between your health and your magic reserves.
Your bite disrupts and absorbs the magic of your enemies.
Potions and wands cannot restore your health.
You are immune to rotting.
You tend to lose your temper in combat.
You are frail (-10% HP).
You have an increased reservoir of magic (+10% MP).


Message History

Urug is lightly wounded.
Urug hits you but does no damage.
You hit Urug. You bite Urug. You drain his power.
You feel invigorated.
Urug is lightly wounded.
Urug closely misses you.
You hit Urug. You bite Urug. You drain his power.
You feel invigorated.
Urug is lightly wounded.
Urug hits you but does no damage.
You hit Urug but do no damage.
Urug is lightly wounded.
You hit Urug. You bite Urug. You drain his power.
Urug is moderately wounded.
Urug hits you with a battleaxe of electrocution!
* * * LOW HITPOINT WARNING * * *
You hit Urug. You bite Urug. You drain his power.
You feel invigorated.
Urug is heavily wounded.
Urug hits you with a battleaxe of electrocution!!
* * * LOW HITPOINT WARNING * * *
You are electrocuted!
You die...

#.#.# P. #.#.#
!...###(#.####
.......(.....#
...####(.....#
#(.....#
#####(.....#
#..........#
#.#####@...#
.......o####
..#######


You could see Urug.

Vanquished Creatures
  Gastronok (D:8)
  Erolcha (D:8)
  Erica (D:8)
  A cyclops (D:9)
  A two-headed ogre (D:8)
  Grinder (D:6)
  A deep elf mage (D:9)
  Eustachio (D:6)
  3 yaks (D:9)
  A human (D:9)
  A hungry ghost (D:8)
  A hog (D:9)
  2 ice beasts
  3 orc warriors
  2 black bears
  A sky beast (D:8)
  A phantom (D:4)
  3 centaurs
  A crocodile (D:9)
  3 giant frogs
  2 big kobolds (D:9)
  9 killer bees
  2 scorpions
  11 wights
  5 crimson imps
  2 centaur skeletons
  A centaur zombie (D:5)
  7 orc wizards
  3 orc priests
  2 hounds (D:9)
  3 iguanas
  6 worker ants
  3 sheep (D:9)
  A hound zombie (D:9)
  2 worker ant zombies
  Robin (D:3)
  8 adders
  6 gnolls
  A shadow imp (D:6)
  2 oozes (D:1)
  An adder zombie (D:8)
  3 worms
  6 giant geckos
  27 orcs
  4 bats
  15 goblins
  7 hobgoblins
  18 kobolds
  5 quokkas
  2 ball pythons
  5 giant cockroaches
  3 giant newts
  A quokka skeleton (D:4)
  A quokka zombie (D:5)
  4 rats
209 creatures vanquished.

Notes
Turn   | Place    | Note
--------------------------------------------------------------
     0 | D:1      | Kloppie the Vine Stalker Fighter began the quest for the Orb.
     0 | D:1      | Reached XP level 1. HP: 11/11 MP: 2/2
   101 | D:1      | Reached skill level 3 in Fighting
   101 | D:1      | Reached XP level 2. HP: 14/16 MP: 3/3
   265 | D:1      | Reached XP level 3. HP: 20/20 MP: 4/4
  1030 | D:3      | Reached XP level 4. HP: 24/24 MP: 5/5
  1068 | D:3      | Found a shattered altar of Ashenzari.
  1694 | D:3      | Noticed Robin
  1701 | D:3      | Killed Robin
  1874 | D:3      | Reached XP level 5. HP: 25/28 MP: 6/6
  2081 | D:4      | Found a deep blue altar of Sif Muna.
  2212 | D:4      | Noticed a phantom
  2280 | D:4      | Killed a phantom
  2280 | D:4      | Reached skill level 4 in Fighting
  2280 | D:4      | Gained mutation: You heal very quickly. [Vine Stalker growth]
  2280 | D:4      | Reached XP level 6. HP: 20/33 MP: 7/7
  2327 | D:4      | Found a blossoming altar of Fedhas.
  2327 | D:4      | Noticed a centaur
  2350 | D:4      | Killed a centaur
  2666 | D:4      | Found a staircase to the Ecumenical Temple.
  2670 | Temple   | Entered the Ecumenical Temple
  3118 | D:5      | Entered Level 5 of the Dungeon
  3172 | D:5      | Reached XP level 7. HP: 33/38 MP: 6/8
  3229 | D:5      | Found a deep blue altar of Sif Muna.
  3702 | D:5      | Found a basalt altar of Yredelemnul.
  3774 | D:5      | Found a white marble altar of Elyvilon.
  3959 | D:6      | Found a basalt altar of Yredelemnul.
  3968 | D:6      | Reached skill level 5 in Fighting
  4006 | D:6      | Found a burning altar of Makhleb.
  4054 | D:6      | Noticed Grinder
  4072 | D:6      | Paralysed by Grinder for 3 turns
  4080 | D:6      | Killed Grinder
  4080 | D:6      | Reached skill level 5 in Maces & Flails
  4080 | D:6      | Reached skill level 5 in Armour
  4080 | D:6      | Gained mutation: You have razor-sharp teeth. [Vine Stalker growth]
  4080 | D:6      | Reached XP level 8. HP: 38/44 MP: 7/9
  4236 | D:6      | Reached skill level 6 in Fighting
  4442 | D:6      | Noticed Eustachio
  4459 | D:6      | Killed Eustachio
  4459 | D:6      | Reached XP level 9. HP: 41/49 MP: 6/10
  5005 | D:7      | Found Rureq's Armour Emporium.
  5020 | D:7      | Reached skill level 7 in Fighting
  5372 | D:8      | Noticed Erica
  5388 | D:8      | Killed Erica
  5454 | D:8      | Noticed Erolcha
  5461 | D:8      | Killed Erolcha
  5461 | D:8      | Reached skill level 8 in Fighting
  5461 | D:8      | Reached XP level 10. HP: 37/56 MP: 11/11
  5519 | D:8      | Found a glowing golden altar of the Shining One.
  5523 | D:8      | Became a worshipper of the Shining One
  5529 | D:8      | Found a snail-covered altar of Cheibriados.
  5532 | D:8      | Found a bloodstained altar of Trog.
  5535 | D:8      | Found a radiant altar of Vehumet.
  5629 | D:8      | Noticed Gastronok
  5645 | D:8      | Killed Gastronok
  5778 | D:8      | Gained mutation: You are partially covered in rugged brown scales (AC +1, +3% HP). [mutagenic meat]
  5779 | D:8      | Gained mutation: You have an increased reservoir of magic (+10% MP). [mutagenic meat]
  5780 | D:8      | Gained mutation: You are weak. (Str -2) [mutagenic meat]
  5781 | D:8      | Gained mutation: Your spells are a little easier to cast, but a little less powerful. [mutagenic meat]
  5782 | D:8      | Lost mutation: Your spells are a little easier to cast, but a little less powerful. [mutagenic meat]
  5783 | D:8      | Gained mutation: You have a pair of small horns on your head. [mutagenic meat]
  5784 | D:8      | Gained mutation: You occasionally shout uncontrollably at your foes. [potion of mutation]
  5784 | D:8      | Gained mutation: You are frail (-10% HP). [potion of mutation]
  5785 | D:8      | Gained mutation: You possess an exceptional clarity of mind. [potion of mutation]
  5785 | D:8      | Gained mutation: You tend to lose your temper in combat. [potion of mutation]
  5785 | D:8      | Lost mutation: You possess an exceptional clarity of mind. [potion of mutation]
  5786 | D:8      | Lost mutation: You are weak. (Str -2) [potion of cure mutation]
  5786 | D:8      | Lost mutation: You are partially covered in rugged brown scales (AC +1, +3% HP). [potion of cure mutation]
  5786 | D:8      | Lost mutation: You occasionally shout uncontrollably at your foes. [potion of cure mutation]
  5786 | D:8      | Lost mutation: You have a pair of small horns on your head. [potion of cure mutation]
  5970 | D:8      | Got an encrusted plate armour
  5985 | D:8      | Identified the +7 plate armour "Ularab" {rCorr Int-4 Slay+2} (You found it on level 8 of the Dungeon)
  6119 | D:9      | Found Tik Ekokak's Gadget Shoppe.
  6157 | D:9      | Reached skill level 9 in Fighting
  6196 | D:9      | Reached * piety under the Shining One
  6199 | D:9      | Reached XP level 11. HP: 45/55 MP: 10/13
  6254 | D:9      | Noticed a cyclops
  6274 | D:9      | Killed a cyclops
  6293 | D:9      | Found an ancient bone altar of Kikubaaqudgha.
  6439 | D:9      | Found a roughly hewn altar of Beogh.
  6977 | D:10     | Entered Level 10 of the Dungeon
  7139 | D:10     | Noticed Urug
  7157 | D:10     | Slain by Urug

Action                   |  1- 3 |  4- 6 |  7- 9 | 10-12 || total
-------------------------+-------+-------+-------+-------++-------
Melee: Flail             |    98 |   163 |   120 |       ||   381
       Whip              |       |       |   167 |    57 ||   224
       Mace              |       |       |       |   198 ||   198
Evoke: Wand              |       |       |       |     1 ||     1
  Use: Scroll            |       |       |    18 |     3 ||    21
       Potion            |       |       |       |     3 ||     3
  Eat: Chunk             |     1 |     5 |     9 |     8 ||    23
       Meat ration       |       |       |       |     1 ||     1
